 Dungeon Crawl Stone Soup version 0.30.2 (webtiles) character file.

Game seed: 5836562189731382628

665 porpoise the Skirmisher (level 7, 0/62 HPs)
             Began as a Minotaur Hunter on Mar 3, 2024.
             Slain by a yak (5 damage)
             ... on level 5 of the Dungeon.
             The game lasted 00:09:03 (3751 turns).

porpoise the Skirmisher (Minotaur Hunter)           Turns: 3751, Time: 00:09:04

Health: 0/62       AC: 12    Str: 16    XL:     7   Next: 31%
Magic:  6/6        EV: 11    Int:  6    God:
Gold:   138        SH:  0    Dex: 15    Spells: 6/6 levels left

rFire   . . .        a - +0 shortbow
rCold   . . .        (shield currently unavailable)
rNeg    . . .        A - +0 ring mail
rPois   .            (helmet restricted)
rElec   .            (no cloak)
rCorr   .            t - +1 pair of gloves
SInv    .            n - +0 pair of boots
Will    .....        (no amulet)
Stlth   +            q - +4 ring of protection
HPRegen 0.30/turn    h - ring of flight
MPRegen 0.10/turn

%: no passive effects
@: flying
A: horns 2, retaliatory headbutt
a: no special abilities


You were on level 5 of the Dungeon.
You visited 1 branch of the dungeon, and saw 6 of its levels.

You collected 138 gold pieces.

Inventory:

Hand Weapons
 a - a +0 shortbow (weapon)
 b - a +0 dagger of venom
 w - a +2 rapier of protection
Missiles
 r - 5 poisoned darts
Armour
 n - a +0 pair of boots (worn)
 t - a +1 pair of gloves (worn)
 A - a +0 ring mail (worn)
Jewellery
 h - a ring of flight (right hand)
 q - a +4 ring of protection (left hand)
 B - a ring of positive energy
Wands
 c - a wand of charming (8)
Scrolls
 d - 6 scrolls of identify
 f - a scroll of fear {unknown}
 i - 2 scrolls of immolation
 j - a scroll of magic mapping {unknown}
 k - 2 scrolls of teleportation
 l - a scroll of poison {unknown}
 s - a scroll of blinking {unknown}
 u - 3 scrolls of vulnerability
 v - a scroll of summoning {unknown}
 y - a scroll of enchant armour {unknown}
Potions
 e - a potion of flight
 m - 2 potions of mutation
 o - a potion of might
 p - a potion of lignification
 x - a potion of haste {unknown}
 z - 2 potions of heal wounds {unknown}


   Skills:
 + Level 5.7 Fighting
 * Level 8.2 Ranged Weapons
 - Level 2.3 Armour
 - Level 2.1 Dodging
 - Level 0.7 Stealth


You had 6 spell levels left.
You didn't know any spells.
Your spell library contained the following spells:

 Spells                   Type           Power      Damage    Failure   Level
 Vhi's Electric Charge    Tloc/Air       0%         N/A       95%         3
 Arcjolt                  Conj/Air       0%         1d10      100%        5
 Maxwell's Capacitive Co  Air            0%         ∞         100%        8


Dungeon Overview and Level Annotations

Branches:
Dungeon (6/15)
 Temple: D:4-7

Altars:
Dithmenos


Innate Abilities, Weirdness & Mutations

You have a pair of horns on your head.
You reflexively headbutt those who attack you in melee.


Message History

The yak gores you.
* * * LOW HITPOINT WARNING * * *
You shoot an arrow. The arrow barely misses the yak.
The arrow hits the yak but does no damage.
The yak is moderately wounded.
The yak misses you. You furiously retaliate!
You headbutt the yak!
You kill the yak!
The yak misses you. You furiously retaliate!
You headbutt the yak!
Your Fighting skill increases to level 5!
You have reached level 7!
You feel better. The yak gores you.
* * * LOW HITPOINT WARNING * * *
You feel better. The yak barely misses you.
You shoot an arrow.
The arrow hits the yak but does no damage.
The yak is moderately wounded.
The yak gores you!
* * * LOW HITPOINT WARNING * * *
You shoot an arrow. The arrow hits the yak.
The yak is heavily wounded.
The yak gores you but does no damage.
You shoot an arrow. The arrow hits the yak!
The yak is almost dead.
The yak gores you.
* * * LOW HITPOINT WARNING * * *
Unknown command.
You shoot an arrow. The arrow hits the yak!
You kill the yak!
The yak closely misses you.
Your Ranged Weapons skill increases to level 8!
Unknown command.
You shoot an arrow. The arrow completely misses the yak.
The arrow hits the yak.
The yak is moderately wounded.
The yak closely misses you.
You shoot an arrow.
The arrow hits the yak but does no damage.
The yak is lightly wounded.
The yak gores you.
You die...

# ##.........#.#..
###............#
............######
###.....##........ #
##.............. #.
##...##........ ##.#
#.####........ #...#
#.###.........
....####.YY@.########
..........####
#.##.##...#
#.##....### #....####
Y.....#### #####


You could see 2 yaks.

Vanquished Creatures
  3 yaks (D:5)
  A scorpion (D:5)
  2 hounds
  4 adders
  A white imp (D:5)
  An ufetubus (D:5)
  A worm (D:3)
  2 dart slugs (D:1)
  An orc (D:5)
  7 ball pythons
  8 bats
  6 endoplasms
  3 giant cockroaches
  9 goblins
  6 hobgoblins
  3 jackals
  5 kobolds
  2 quokkas
  2 frilled lizards
  5 rats (D:2)
72 creatures vanquished.

Notes
Turn   | Place    | Note
-------+----------+-------------------------------------------
     0 | D:1      | porpoise the Minotaur Hunter began the quest for the Orb.
     0 | D:1      | Reached XP level 1. HP: 18/18 MP: 0/0
   198 | D:1      | Reached XP level 2. HP: 25/25 MP: 1/1
   297 | D:1      | Reached skill level 1 in Armour
   763 | D:1      | Reached skill level 5 in Ranged Weapons
   763 | D:1      | Reached XP level 3. HP: 28/31 MP: 2/2
  2098 | D:3      | Reached XP level 4. HP: 38/38 MP: 3/3
  2729 | D:4      | Found a shadowy altar of Dithmenos.
  3014 | D:4      | You are sucked into a shaft and drop 2 floors!
  3108 | D:5      | Entered Level 5 of the Dungeon
  3132 | D:5      | Reached skill level 6 in Ranged Weapons
  3132 | D:5      | Reached XP level 5. HP: 46/46 MP: 4/4
  3704 | D:5      | Noticed a yak
  3705 | D:5      | Noticed a yak
  3706 | D:5      | Noticed a yak
  3720 | D:5      | Noticed a yak
  3723 | D:5      | Noticed a yak
  3724 | D:5      | Killed a yak
  3725 | D:5      | Reached skill level 7 in Ranged Weapons
  3725 | D:5      | Reached XP level 6. HP: 55/55 MP: 5/5
  3743 | D:5      | Killed a yak
  3744 | D:5      | Reached skill level 5 in Fighting
  3744 | D:5      | Reached XP level 7. HP: 5/61 MP: 6/6
  3749 | D:5      | Killed a yak
  3750 | D:5      | Reached skill level 8 in Ranged Weapons
  3751 | D:5      | Slain by a yak

Illustrated notes

Levels and vault maps discovered:
D:1:      dpeg_arrival_ternary, layout_basic, minmay_small_reverse_x
D:2:      layout_basic
D:3:      minmay_wonky_spiral, layout_rooms, chequers_jeans,
          minmay_misc_feat_iff
D:4:      layout_basic, nicolae_dithmenos_through_a_glass_darkly,
          grunt_ministairs_15, serial_bayou_ford_a
D:5:      cheibrodos_barr_body, layout_rooms
D:6:      layout_cave_pods, minmay_temple_entry_trees, ebering_ghost_rock_garden

Skill      XL: |  1  2  3  4  5  6  7 |
---------------+----------------------+-----
Armour         | 1 2 |  2.3
Fighting       | 3 4 5 |  5.7
Ranged Weapons | 5 6 7 8 |  8.2
Dodging        | |  2.1
Stealth        | |  0.7

Action                     |  1- 3 |  4- 6 |  7- 9 || total
---------------------------+-------+-------+-------++-------
  Melee: Dagger            |     4 |     1 |       ||     5
         Headbutt          |     3 |       |       ||     3
         Shortbow          |       |     2 |       ||     2
   Fire: Shortbow          |   102 |    92 |     6 ||   200
    Use: Scroll            |       |     7 |       ||     7
         Potion            |       |     1 |     2 ||     3
 Armour: Leather armour    |     6 |     8 |       ||    14
         Ring mail         |       |    20 |     1 ||    21
  Dodge: Dodged            |    15 |    45 |     3 ||    63
